 Dungeon Crawl Stone Soup version 0.30-a0-743-gbfdf073431 (webtiles) character file.

Game seed: 14180275006321244769

57445 cforsyth the Convoker (level 14, -12/84 HPs)
             Began as a Tengu Summoner on Feb 7, 2023.
             Was an Initiate of Gozag.
             Mangled by an ettin
             ... wielding a +0 dire flail
              (33 damage)
             ... on level 2 of the Orcish Mines.
             The game lasted 01:17:43 (22649 turns).

cforsyth the Convoker (Tengu Summoner)             Turns: 22649, Time: 01:17:44

Health: -12/84     AC: 14    Str: 13    XL:     14   Next: 86%
Magic:  33/41      EV: 19    Int: 29    God:    Gozag
Gold:   1972       SH:  0    Dex: 15    Spells: 27/40 levels left

rFire   + + .      SeeInvis .    L - +8 lance "Wyrmbane" {slay drac, rPois rF+ rC+ AC+3}
rCold   + . .      Faith    .    (no shield)
rNeg    . . .      Spirit   .    H - +2 leather armour of Happiness {+Blink Str+2 Int+2 Slay+2}
rPois   +          Reflect  .    (helmet restricted)
rElec   .          Harm     .    R - +1 cloak {rF+}
rCorr   +          Rampage  .    l - +2 pair of gloves
Will    +....                    (boots unavailable)
Stlth   ++                       K - amulet of magic regeneration
HPRegen 0.34/turn                q - ring of magical power
MPRegen 0.67/turn                Y - ring of Demons {rCorr Str+3 Int+6}

@: flying quickly and evasively, quick
A: beak, talons 3, nimble flight
a: Renounce Religion, Evoke Blink, Potion Petition, Call Merchant, Bribe Branch


You were on level 2 of the Orcish Mines.
You worshipped Gozag.
Gozag was most pleased with you.
You visited 3 branches of the dungeon, and saw 19 of its levels.
You also visited: Ossuary, Gauntlet and Volcano.

You collected 4979 gold pieces.
You spent 336 gold pieces at shops.
You paid 2671 gold pieces to Gozag.

Inventory:

Hand Weapons
 L - the +8 lance "Wyrmbane" (weapon) {slay drac, rPois rF+ rC+ AC+3}
   (You acquired it on level 1 of the Lair of Beasts)

   AC:        It affects your AC (+3).
   rF:        It protects you from fire.
   rC:        It protects you from cold.
   rPois:     It protects you from poison.
 S - a +2 arbalest of flaming
 V - the +6 flail of Iseipaz {speed, rC+}
   (You found it on level 1 of the Lair of Beasts)

   rC:        It protects you from cold.
Missiles
 z - a throwing net
Armour
 l - a +2 pair of gloves (worn)
 w - a +2 cloak
 x - quicksilver dragon scales
 H - the +2 leather armour of Happiness (worn) {+Blink Str+2 Int+2 Slay+2}
   (You bought it in a shop on level 1 of the Lair of Beasts)

   Str:       It affects your strength (+2).
   Int:       It affects your intelligence (+2).
   Slay:      It affects your accuracy & damage with ranged weapons and melee
   (+2).
   +Blink:    It lets you blink.
 R - a +1 cloak of fire resistance (worn)
 T - a +1 leather armour of fire resistance
Jewellery
 a - the ring "Veigg" {rPois rN+ Will+ Dex-4}
   (You bought it in a shop on level 1 of the Lair of Beasts)

   [ring of positive energy]

   Dex:       It affects your dexterity (-4).
   rPois:     It protects you from poison.
   rN:        It protects you from negative energy.
   Will:      It increases your willpower.
 i - a ring of see invisible
 m - the ring of Esoas {Fly rN+ Stlth+}
   (You found it on level 5 of the Lair of Beasts)

   [ring of flight]

   rN:        It protects you from negative energy.
   Fly:       It grants you flight.
   Stlth:     It makes you more stealthy.
 q - a ring of magical power (left hand)
 I - a ring of protection from cold
 J - a +6 ring of strength
 K - an amulet of magic regeneration (around neck)
 W - a ring of wizardry
 Y - the ring of Demons (right hand) {rCorr Str+3 Int+6}
   (You found it in a Gauntlet)

   [ring of resist corrosion]

   Str:       It affects your strength (+3).
   Int:       It affects your intelligence (+6).
   rCorr:     It protects you from acid and corrosion.
 Z - a ring of poison resistance
Wands
 p - a wand of roots (19)
 N - a wand of light (9)
 O - a wand of flame (23)
 P - a wand of polymorph (6)
Scrolls
 d - 2 scrolls of enchant armour
 g - 3 scrolls of blinking
 h - 3 scrolls of fog
 j - a scroll of summoning
 r - 4 scrolls of immolation
 s - 6 scrolls of teleportation
 t - a scroll of brand weapon {unknown}
 u - 4 scrolls of vulnerability
 y - 2 scrolls of magic mapping
 A - 2 scrolls of poison {unknown}
 B - 4 scrolls of amnesia
 C - a scroll of torment
 G - 3 scrolls of enchant weapon
 U - a scroll of silence
 X - 3 scrolls of fear
Potions
 b - 4 potions of magic
 c - 5 potions of mutation
 e - 3 potions of lignification
 f - 6 potions of haste
 k - 7 potions of brilliance
 n - 9 potions of curing
 o - 2 potions of attraction
 v - 3 potions of heal wounds
 D - 6 potions of cancellation
 E - 12 potions of ambrosia
 F - 2 potions of berserk rage
 M - 4 potions of invisibility
 Q - a potion of might


   Skills:
 + Level 8.3 Fighting
 + Level 9.2 Polearms
 - Level 5.0 Armour
 + Level 9.4 Dodging
 - Level 2.0 Stealth
 - Level 13.8 Spellcasting
 - Level 18.0 Summonings


You had 27 spell levels left.
You knew the following spells:

 Your Spells              Type           Power      Damage    Failure   Level
a - Summon Small Mammal   Summ           100%       N/A       0%          1
b - Call Imp              Summ           90%        N/A       0%          2
c - Call Canine Familiar  Summ           90%        N/A       0%          3
d - Summon Guardian Gole  Hex/Summ       64%        N/A       1%          3
e - Summon Lightning Spi  Summ/Air       64%        N/A       1%          4

Your spell library contained the following spells:

 Spells                   Type           Power      Damage    Failure   Level
 Animate Armour           Summ/Erth      100%       N/A       1%          4
 Sting                    Tmut/Pois      80%        1d7       3%          1
 Ensorcelled Hibernation  Hex/Ice        40%        N/A       4%          2
 Poisonous Vapours        Pois/Air       40%        N/A       4%          2
 Inner Flame              Hex/Fire       20%        N/A       10%         3
 Portal Projectile        Hex/Tloc       40%        N/A       10%         3
 Spider Form              Tmut/Pois      20%        N/A       10%         3
 Stone Arrow              Conj/Erth      40%        3d9       10%         3
 Tukima's Dance           Hex            20%        N/A       10%         3
 Summon Horrible Things   Summ           45%        N/A       12%         8
 Anguish                  Hex/Necr       10%        N/A       30%         4
 Cause Fear               Hex            10%        N/A       30%         4
 Manifold Assault         Tloc           20%        N/A       30%         4
 Olgreb's Toxic Radiance  Pois           20%        N/A       30%         4
 Passage of Golubria      Tloc           20%        N/A       30%         4
 Petrify                  Tmut/Erth      20%        N/A       30%         4
 Malign Gateway           Summ/Tloc      32%        N/A       54%         7
 Blade Hands              Tmut           10%        N/A       65%         5
 Metabolic Englaciation   Hex/Ice        10%        N/A       65%         5
 Yara's Violent Unravell  Hex/Tmut       10%        3d6       65%         5
 Dispersal                Tloc           10%        N/A       99%         6
 Statue Form              Tmut/Erth      13%        N/A       99%         6
 Discord                  Hex            10%        N/A       100%        8
 Disjunction              Tloc           10%        N/A       100%        8
 Lehudib's Crystal Spear  Conj/Erth      10%        10d4      100%        8


Dungeon Overview and Level Annotations

Branches:
Dungeon (12/15)            Temple (0/1) D:5            Lair (5/5) D:11
  Swamp (0/4) Lair:3        Snake (0/4) Lair:3        Slime (0/5) Lair:4
    Orc (2/2) D:9         Ossuary (visited)         Volcano (visited)
Gauntlet (visited)
    Elf: Orc:2

Altars:
Cheibriados
Elyvilon
Gozag
Hepliaklqana
Makhleb
Okawaru
Qazlal
Sif Muna
Trog
Yredelemnul
Jiyva

Shops:
D:8 [   Lair:1 *:*

Annotations:
D:12 1 runed translucent door


Innate Abilities, Weirdness & Mutations

You have a beak for a mouth.
You have claws for feet.
Your magical nature lets you fly swiftly and evasively.


Message History

The troll barely misses you. The troll claws you.
The troll claws you but does no damage.
You hit the troll. You claw the troll. You peck the troll.
The troll is almost dead.
You closely miss the troll. You claw the troll.
You kill the troll!
You now have 1972 gold pieces (gained 16).
There is a stone staircase leading up here.
You start resting.
Magic restored.
You start resting.
Your lightning spire disappears in a puff of smoke!
HP restored.
Your guardian golem disappears in a puff of smoke!
You fly upwards.
The ogre barely misses you.
The ettin hits you with a +0 dire flail!
The ettin barely misses you.
There is a stone staircase leading down here.
The orc wizard points at you and mumbles some strange words.
You resist with almost no effort. The ettin misses you.
The ettin closely misses you. The ogre barely misses you.
You fly downwards.
There is a stone staircase leading up here.
Casting: Summon Lightning Spire (mildly dangerous; 1% risk of failure)
Confirm with . or Enter, or press ? or * to list all spells.
The ettin completely misses you. The ettin closely misses you.
Casting: Call Canine Familiar (safe; 0% risk of failure)
Confirm with . or Enter, or press ? or * to list all spells.
A guardian golem appears, shielding your allies.
The ettin hits you with a +0 dire flail.
The ettin hits you with a +0 great mace!
The ogre completely misses you.
Casting: Summon Guardian Golem (safe; 1% risk of failure)
Confirm with . or Enter, or press ? or * to list all spells.
An electric hum fills the air.
The ettin hits you with a +0 dire flail!!
* * * LOW HITPOINT WARNING * * *
The ettin hits you with a +0 great mace!!
You die...
Your body crumbles into a pile of gold.

....##............$..#
.....#..............##
$...#..............#.##
...#..................#
#.....[....)[......#
..#......#..<...)(..## .
..........#.....8...##..
.................C.......
...............h@.9....##
................O.....##
..........#.#.........#
.........###.#........#
..#.....##..............
........#...............
..#.....#......#. .
##...#.......# ##..
#.##...#


You could see an ettin (ally target), an ogre (ally target), a friendly guardian
golem (summoned), a friendly warg (summoned, sheltered) and a friendly lightning
spire (summoned).

Vanquished Creatures
  A merfolk avatar (Lair:5)
  A death yak (Lair:4)
  3 sea snakes (Lair:5)
  An ugly thing (D:12)
  3 elephants (Lair:5)
  An orange demon (Gauntlet)
  2 cane toads
  A rime drake (Lair:5)
  A minotaur zombie (Gauntlet)
  A troll (Orc:2)
  5 blink frogs
  A slime creature (D:12)
  2 yaks
  2 swamp worms (Lair:3)
  3 water moccasins
  A wolf (Lair:4)
  A phantom (D:7)
  A centaur (D:8)
  2 bullfrogs (D:11)
  A water moccasin zombie (Ossuary)
  5 killer bees
  5 bullfrog zombies (Ossuary)
  A centaur zombie (Ossuary)
  2 hounds
  2 orc priests
  A jelly (Lair:4)
  An orc wizard (D:5)
  2 killer bee zombies (Ossuary)
  A mummy (Ossuary)
  A gnoll (D:7)
  A dart slug (D:3)
  9 orcs
  3 endoplasms
  A giant cockroach (D:3)
  A hobgoblin (D:2)
  A jackal (D:2)
  2 kobolds
73 creatures vanquished.

Vanquished Creatures (collateral kills)
  A minotaur (Gauntlet)
  A green death (Gauntlet)
  A catoblepas (Lair:2)
  4 death yaks
  3 two-headed ogres
  A sea snake (Lair:5)
  An obsidian statue (Gauntlet)
  3 harpies (Lair:5)
  A wizard (D:11)
  An orc knight (Orc:2)
  A deep elf pyromancer (D:12)
  An ugly thing (D:12)
  A salamander (Volcano)
  2 cyclopes
  5 black mambas
  3 elephants
  2 torpor snails
  A kobold demonologist (D:11)
  5 cane toads
  2 rime drakes
  2 unseen horrors
  7 komodo dragons
  3 trolls
  3 polar bears
  A tyrant leech (Lair:3)
  2 hornets (Lair:5)
  A queen bee (Lair:2)
  Prince Ribbit (D:6)
  16 blink frogs
  A slime creature (D:12)
  A wyvern (D:6)
  A shadow (D:10)
  A basilisk (Lair:4)
  22 yaks
  2 fire bats (Volcano)
  A wraith (D:11)
  Grum (D:11)
  5 steam dragons
  A warg (Orc:2)
  A large abomination (Gauntlet)
  3 acid dragons
  2 hell hounds (Volcano)
  10 water moccasins
  An ice beast (D:7)
  An ice beast (shapeshifter) (D:11)
  2 orc warriors
  5 black bears
  8 wolves
  4 centaurs
  2 small abominations (Gauntlet)
  2 phantoms (D:5)
  5 kobold brigands
  18 bullfrogs
  A wyvern zombie (Ossuary)
  3 necrophages
  2 scorpions
  2 wights (D:6)
  14 killer bees
  An electric eel (Lair:5)
  A howler monkey (D:11)
  12 jellies
  2 centaur zombies (Ossuary)
  7 orc priests
  6 bullfrog zombies (Ossuary)
  A gnoll bouda (D:7)
  An iguana (D:5)
  12 orc wizards
  2 killer bee zombies (Ossuary)
  11 mummies (Ossuary)
  A howler monkey zombie (Ossuary)
  11 gnolls
  6 adders
  A white imp (D:5)
  2 worms
  A dart slug (D:2)
  34 orcs
  8 ball pythons
  9 endoplasms
  2 giant cockroaches
  4 goblins
  7 hobgoblins
  5 jackals (D:2)
  26 kobolds
  2 quokkas
  3 bats
  2 frilled lizards
  4 rats
  A butterfly (Lair:5)
383 creatures vanquished.

Vanquished Creatures (others)
  3 hydras
  A death yak (Lair:4)
  A harpy (Lair:5)
  A large abomination (Gauntlet)
  A manticore (D:11)
  A black mamba (Lair:5)
  2 elephants (Lair:5)
  2 slime creatures (D:12)
  An orange demon (Gauntlet)
  Joseph (D:8)
  Maggie (D:7)
  A gargoyle (D:12)
  2 cane toads
  A minotaur zombie (Gauntlet)
  A komodo dragon (Lair:3)
  A rime drake (Lair:5)
  2 trolls (D:12)
  A tyrant leech (Lair:3)
  2 blink frogs (Lair:2)
  8 yaks
  A water moccasin (Lair:3)
  An orc warrior (Orc:1)
  A hornet zombie (Ossuary)
  A centaur (Volcano)
  An ogre (D:5)
  3 wolves
  A bullfrog (Lair:2)
  A scorpion (D:4)
  A necrophage (D:3)
  6 wights (D:6)
  4 killer bees (Lair:2)
  2 howler monkeys (D:11)
  A bullfrog zombie (Ossuary)
  Crazy Yiuf (D:5)
  3 small abominations (Gauntlet)
  An iguana (D:5)
  3 mummies (Ossuary)
  An orc (D:12)
  68 fungi
  116 plants
  A withered plant (Ossuary)
252 creatures vanquished.

Grand Total: 708 creatures vanquished

Notes
Turn   | Place    | Note
-------+----------+-------------------------------------------
     0 | D:1      | cforsyth the Tengu Summoner began the quest for the Orb.
     0 | D:1      | Reached XP level 1. HP: 10/10 MP: 4/4
    47 | D:1      | Found a faded altar of an unknown god.
    55 | D:1      | Reached skill level 5 in Summonings
    65 | D:1      | Reached XP level 2. HP: 14/15 MP: 4/6
   596 | D:2      | Reached XP level 3. HP: 19/19 MP: 2/7
   744 | D:2      | Learned a level 2 spell: Call Imp
   748 | D:2      | Learned a level 3 spell: Call Canine Familiar
  1002 | D:2      | You fall into a shaft and drop 2 floors!
  1009 | D:4      | Noticed a scorpion
  1212 | D:2      | Reached XP level 4. HP: 20/24 MP: 5/9
  1678 | D:3      | Noticed a necrophage
  1682 | D:3      | Reached skill level 6 in Summonings
  1873 | D:2      | Learned a level 3 spell: Summon Guardian Golem
  2380 | D:3      | Gained mutation: Your magical nature lets you fly swiftly
                  | and evasively. [Tengu growth]
  2380 | D:3      | Reached XP level 5. HP: 28/28 MP: 7/11
  2726 | D:3      | Found a burning altar of Makhleb.
  2726 | D:3      | Noticed an Executioner
  2776 | D:4      | Reached skill level 7 in Summonings
  2776 | D:4      | Reached XP level 6. HP: 31/32 MP: 7/13
  3944 | D:4      | Found a snail-covered altar of Cheibriados.
  3971 | D:4      | Found a bloodstained altar of Trog.
  3974 | D:4      | Found a basalt altar of Yredelemnul.
  4040 | D:5      | Entered Level 5 of the Dungeon
  4074 | D:5      | Found an opulent altar of Gozag.
  4082 | D:5      | Became a worshipper of Gozag Ym Sagoz the Greedy
  4123 | D:5      | Found a staircase to the Ecumenical Temple.
  4123 | D:5      | Noticed a black bear
  4134 | D:5      | Reached skill level 5 in Spellcasting
  4134 | D:5      | Reached XP level 7. HP: 27/36 MP: 10/15
  4145 | D:5      | Reached skill level 8 in Summonings
  4535 | D:5      | Reached XP level 8. HP: 34/41 MP: 11/17
  4587 | D:5      | Found a runed translucent door.
  4588 | D:5      | Noticed Crazy Yiuf
  4599 | D:5      | Killed Crazy Yiuf
  4600 | D:5      | Reached skill level 9 in Summonings
  5339 | D:6      | Reached skill level 10 in Summonings
  5560 | D:6      | Reached XP level 9. HP: 38/45 MP: 15/21
  5652 | D:6      | Noticed Prince Ribbit
  5666 | D:6      | Killed Prince Ribbit
  5667 | D:6      | Reached skill level 11 in Summonings
  6208 | D:6      | Found a white marble altar of Elyvilon.
  6772 | D:7      | Reached skill level 12 in Summonings
  7185 | D:7      | Found a hazy altar of Hepliaklqana.
  7195 | D:7      | Noticed Maggie
  7208 | D:7      | Killed Maggie
  7209 | D:7      | Reached XP level 10. HP: 43/50 MP: 15/24
  7821 | D:8      | Found a sand-covered staircase.
  7829 | Ossuary  | Entered an ossuary
  7883 | Ossuary  | Learned a level 4 spell: Summon Lightning Spire
  7909 | Ossuary  | Reached skill level 13 in Summonings
  8420 | D:8      | Reached skill level 10 in Spellcasting
  8573 | D:8      | Noticed Joseph
  8584 | D:8      | Killed Joseph
  8841 | D:8      | Found Oreysou's Armour Shop.
  9232 | D:9      | Noticed a two-headed ogre
  9247 | D:9      | Killed a two-headed ogre
  9248 | D:9      | Reached skill level 14 in Summonings
  9357 | D:9      | Found a staircase to the Orcish Mines.
  9466 | D:9      | Reached XP level 11. HP: 54/54 MP: 20/26
  9741 | D:9      | Found a shimmering blue altar of Sif Muna.
  9889 | D:10     | Entered Level 10 of the Dungeon
 10290 | D:10     | Reached skill level 15 in Summonings
 10501 | D:10     | Found a stormy altar of Qazlal.
 10763 | D:10     | Found an iron altar of Okawaru.
 11077 | D:11     | Noticed a manticore
 11088 | D:11     | Killed a manticore
 11278 | D:11     | Noticed a wizard
 11289 | D:11     | Killed a wizard
 11355 | D:11     | Noticed a cyclops
 11362 | D:11     | Killed a cyclops
 11372 | D:11     | Noticed Grum
 11385 | D:11     | Killed Grum
 11386 | D:11     | Reached skill level 16 in Summonings
 11564 | D:11     | Identified a scroll of acquirement
 11608 | D:11     | Identified the +0 spear "Suehecer" {venom, Int+3}
 11705 | D:11     | Found a staircase to the Lair.
 12023 | D:12     | Noticed a deep elf pyromancer
 12026 | D:12     | Noticed a two-headed ogre
 12032 | D:12     | Killed a two-headed ogre
 12033 | D:12     | Reached XP level 12. HP: 59/59 MP: 29/29
 12067 | D:12     | Noticed a four-headed hydra
 12091 | D:12     | Killed a four-headed hydra
 12165 | D:12     | Reached skill level 17 in Summonings
 12393 | D:12     | Noticed a frost giant
 12393 | D:12     | Noticed a frost giant
 12393 | D:12     | Noticed a tengu reaver
 12394 | D:12     | Found a runed translucent door.
 12396 | D:12     | Noticed a yaktaur captain
 12396 | D:12     | Noticed a deep troll earth mage
 12396 | D:12     | Noticed a frost giant
 12396 | D:12     | Noticed a fire giant
 12396 | D:12     | Noticed a sphinx
 12578 | Lair:1   | Entered Level 1 of the Lair of Beasts
 12631 | Lair:1   | Found a dark tunnel.
 12717 | Volcano  | Entered a volcano
 12795 | Volcano  | Noticed a two-headed ogre
 12802 | Volcano  | Killed a two-headed ogre
 13571 | Lair:1   | Identified the +6 flail of Iseipaz {speed, rC+}
 13594 | Lair:1   | Reached skill level 18 in Summonings
 13659 | Lair:1   | Acquired the +8 lance "Wyrmbane" {slay drac, rPois rF+ rC+
                  | AC+3}
 13659 | Lair:1   | Found the +8 lance "Wyrmbane" {slay drac, rPois rF+ rC+
                  | AC+3}
 14468 | Lair:2   | Reached skill level 1 in Polearms
 14468 | Lair:2   | Reached skill level 1 in Armour
 14470 | Lair:2   | Reached skill level 1 in Fighting
 14473 | Lair:2   | Reached XP level 13. HP: 57/64 MP: 31/31
 17268 | Lair:3   | Reached skill level 5 in Dodging
 17376 | Lair:3   | Found a staircase to the Snake Pit.
 17894 | Lair:3   | Found a staircase to the Swamp.
 18283 | Lair:1   | Bought a pitted platinum ring for 140 gold pieces
 18283 | Lair:1   | Identified the ring "Veigg" {rPois rN+ Will+ Dex-4} (You
                  | bought it in a shop on level 1 of the Lair of Beasts)
 18287 | Lair:1   | Bought a scorched leather armour for 196 gold pieces
 18287 | Lair:1   | Identified the +2 leather armour of Happiness {+Blink Str+2
                  | Int+2 Slay+2} (You bought it in a shop on level 1 of the
                  | Lair of Beasts)
 18349 | Lair:3   | Reached skill level 5 in Polearms
 18349 | Lair:3   | Reached skill level 5 in Armour
 18411 | Lair:4   | Found a gate leading to a gauntlet.
 18418 | Gauntlet | Entered a Gauntlet
 18418 | Gauntlet | Found a transporter.
 18418 | Gauntlet | Found a transporter.
 18423 | Gauntlet | Found a transporter.
 18438 | Gauntlet | Found a transporter.
 18454 | Gauntlet | Found a transporter.
 18466 | Gauntlet | Found a transporter.
 18485 | Gauntlet | Found a transporter.
 18553 | Gauntlet | Found a transporter.
 18568 | Gauntlet | Found a transporter.
 18570 | Gauntlet | Found a large runed translucent door.
 18571 | Gauntlet | Found a large runed translucent door.
 18571 | Gauntlet | Noticed a dire elephant
 18572 | Gauntlet | Found a large runed translucent door.
 18572 | Gauntlet | Found a large runed translucent door.
 18594 | Gauntlet | Found a transporter.
 18597 | Gauntlet | Found a transporter.
 18615 | Gauntlet | Found a transporter.
 18631 | Gauntlet | Found a large runed translucent door.
 18684 | Gauntlet | Found a transporter.
 18686 | Gauntlet | Found a large runed translucent door.
 18687 | Gauntlet | Found a large runed translucent door.
 18688 | Gauntlet | Found a large runed translucent door.
 18688 | Gauntlet | Found a large runed translucent door.
 18688 | Gauntlet | Found a runed translucent door.
 18688 | Gauntlet | Found a runed translucent door.
 18689 | Gauntlet | Found a large runed translucent door.
 18690 | Gauntlet | Found a large runed translucent door.
 18691 | Gauntlet | Found a large runed translucent door.
 18691 | Gauntlet | Found a large runed translucent door.
 18692 | Gauntlet | Found a runed translucent gate.
 18692 | Gauntlet | Found a runed translucent gate.
 18692 | Gauntlet | Found a runed translucent gate.
 18692 | Gauntlet | Noticed a green death
 18694 | Gauntlet | Found a transporter.
 18695 | Gauntlet | Found a transporter.
 18731 | Gauntlet | Found a transporter.
 18750 | Gauntlet | Found a large runed translucent door.
 18750 | Gauntlet | Found a large runed translucent door.
 18751 | Gauntlet | Found a large runed translucent door.
 19186 | Gauntlet | Killed a green death
 19187 | Gauntlet | Reached skill level 5 in Fighting
 19198 | Gauntlet | Identified the ring of Demons {rCorr Str+3 Int+6}
 19286 | Gauntlet | Noticed a minotaur
 19311 | Gauntlet | Killed a minotaur
 19822 | Lair:4   | Found a staircase to the Slime Pits.
 19841 | Lair:4   | Found a viscous altar of Jiyva.
 19859 | Lair:4   | Reached XP level 14. HP: 78/79 MP: 32/32
 20467 | Lair:5   | Entered Level 5 of the Lair of Beasts
 22110 | Lair:5   | Identified the ring of Esoas {Fly rN+ Stlth+}
 22124 | Lair:5   | Identified the +4 rapier of Discomfort {freeze, Fragile
                  | Will+ Str+2 Int+3}
 22314 | Orc:1    | Entered Level 1 of the Orcish Mines
 22537 | Orc:2    | Entered Level 2 of the Orcish Mines
 22649 | Orc:2    | Mangled by an ettin

Illustrated notes

Levels and vault maps discovered:
D:1:      minmay_arrival_three_doors, layout_rooms,
          ebering_ecumenical_altar_sacrificial, minmay_tripent
D:2:      cheibrodos_helix_gallery, layout_rooms
D:3:      layout_loops_corners, makhleb_altar_promises_db
D:4:      layout_cave_pools, minmay_overflow_temple_star_quad
D:5:      layout_cave_pods, mainiacjoe_overflow_cross_hatched,
          minmay_temple_entry_tees, uniq_crazy_yiuf_cottage
D:6:      layout_loops_ring, mainiacjoe_overflow_tiny_flanked,
          uniq_prince_ribbit1
D:7:      layout_layer_cave, mainiacjoe_overflow_surrounded_room,
          dk_noncrumbling_3, hex_large, minmay_misc_feat_plants, uniq_maggie
D:8:      layout_loops_ring, serial_shops, shop,
          lightli_ossuary_entry_decrepit_ruins, minmay_unpleasant_kobolds,
          uniq_joseph
D:9:      layout_roguey, lemuel_round_altar
D:10:     layout_irregular_city, mainiacjoe_overflow_six_doors_small,
          grunt_qazlal_sundering, nicolae_concentric_dashed_squares_mild
D:11:     layout_cave_pools, due_lair_maze_entry_diamond, minivault_11,
          minivault_25_ag, uniq_grum
D:12:     minmay_gate_of_8, layout_layer_cave
Lair:1:   layout_cave_shapes, enter_volcano_2, grunt_megastairs_3
Lair:2:   layout_cave_shapes, special_room [special_room_bee]
Lair:3:   layout_misc_corridors, minmay_swamp_entry_worms,
          guppyfry_snake_entry_garden, chequers_serial_rivers_micro_b
Lair:4:   layout_roguey, minmay_slime_entry_jelly_boxes, gauntlet_entry_generic
Lair:5:   gammafunk_lair_ancient_temple, layout_long_grid, serial_bayou_shore_a,
          serial_bayou_shore_b, lemuel_fruit_fields
Orc:1:    layout_caves
Orc:2:    st_orc_ogre_mass, layout_caves

Skill      XL: |  1  2  3  4  5  6  7  8  9 10 11 12 13 14 |
---------------+-------------------------------------------+-----
Summonings     | 5 6 7 8 10 12 14 16 18 | 18.0
Spellcasting   | 3 4 5 7 9 10 12 13 | 13.8
Polearms       | 1 6 9 |  9.2
Armour         | 1 5 |  5.0
Fighting       | 1 5 8 |  8.3
Dodging        | 6 9 |  9.4
Stealth        | |  2.0

Action                     |  1- 3 |  4- 6 |  7- 9 | 10-12 | 13-15 || total
---------------------------+-------+-------+-------+-------+-------++-------
  Melee: Unarmed           |     5 |       |       |       |       ||     5
         Flail             |     3 |    32 |    28 |    99 |       ||   162
         Kick              |     2 |     8 |     8 |    58 |    66 ||   142
         Peck              |       |     4 |     4 |    38 |    44 ||    90
         Punch             |       |       |       |     3 |       ||     3
         Lance             |       |       |       |    28 |   193 ||   221
   Fire: Arbalest          |       |       |       |     7 |       ||     7
   Cast: Summon Small Mamm |    27 |    18 |    25 |    12 |    32 ||   114
         Call Canine Famil |     4 |    26 |    24 |    55 |    67 ||   176
         Call Imp          |     1 |     7 |    17 |     6 |    17 ||    48
         Summon Guardian G |       |     2 |    16 |    40 |    74 ||   132
         Summon Lightning  |       |       |       |    28 |    81 ||   109
 Invoke: Call Merchant     |       |       |       |       |     3 ||     3
    Use: Scroll            |       |    12 |     5 |    13 |     5 ||    35
         Potion            |       |       |       |     4 |     3 ||     7
   Stab: Distracted        |       |     1 |       |     1 |     6 ||     8
 Armour: Robe              |    10 |    24 |    16 |    51 |       ||   101
         Quicksilver drago |       |       |       |    66 |       ||    66
         Skin              |       |       |       |       |    35 ||    35
         Leather armour    |       |       |       |       |    72 ||    72
  Dodge: Dodged            |    46 |    73 |    38 |   153 |   293 ||   603

Table legend: (Time is in decaauts)
 A = Elapsed time spent in this place.
 B = Non-inter-level travel time spent in this place.
 C = Inter-level travel time spent in this place.
 D = Time resting spent in this place.
 E = Time spent auto-exploring this place.
 F = Levels seen in this place.
 G = Mean time per level.
                   A        B        C        D        E       F      G
               +--------+--------+--------+--------+--------+-----+--------+
         Total |  21660 |  21042 |    618 |   3314 |  12222 |  22 |  984.5 |
       Dungeon |  11616 |  11231 |    385 |    733 |   7819 |  12 |  968.0 |
          Lair |   7490 |   7259 |    231 |   1774 |   3875 |   5 | 1498.0 |
  Orcish Mines |    319 |    319 |      0 |     26 |    169 |   2 |  159.5 |
       Ossuary |    513 |    513 |      0 |     11 |    112 |   1 |  513.0 |
       Volcano |    713 |    713 |      0 |    445 |      7 |   1 |  713.0 |
      Gauntlet |   1006 |   1006 |      0 |    325 |    237 |   1 | 1006.0 |
               +--------+--------+--------+--------+--------+-----+--------+

Top non-repeatable levels by time:
  Lair:1: 2240 daAuts
     D:3: 1645 daAuts
  Lair:2: 1509 daAuts
  Lair:5: 1379 daAuts
  Lair:4: 1206 daAuts
     D:6: 1199 daAuts
     D:7: 1171 daAuts
     D:5: 1157 daAuts
  Lair:3: 1154 daAuts
    D:10: 1047 daAuts
     D:2: 1008 daAuts
Gauntlet: 1006 daAuts
    D:11: 946 daAuts
     D:4: 821 daAuts
     D:8: 793 daAuts
